 Dungeon Crawl Stone Soup version 0.17.1-3-g152610e (webtiles) character file.

1060 MenacingMecha the Carver (level 8, 52/63 HPs)
             Began as a Mottled Draconian Berserker on Feb 25, 2016.
             Was a Priest of Trog.
             Starved to death
             ... on level 7 of the Dungeon.
             The game lasted 00:45:56 (5774 turns).

MenacingMecha the Carver (DrBe)                     Turns: 5774, Time: 00:45:56

Health: 52/63      AC:  7    Str: 20    XL:     8   Next: 6%
Magic:  2/2        EV: 12    Int:  8    God:    Trog [***...]
Gold:   247        SH:  0    Dex: 12    Spells: 0 memorised, 7 levels left

rFire  . . .     SeeInvis .     f - +2 falchion (antimagic)
rCold  . . .     Clarity  .     (armour unavailable)
rNeg   . . .     SustAt   .     (no shield)
rPois  .         Gourm    .     (helmet restricted)
rElec  .         Spirit   .     (no cloak)
rCorr  .         Warding  .     u - +0 pair of gloves
rMut   .         Stasis   .     (no boots)
MR     .....                    (no amulet)
Stlth  +.........               (no ring)
                                (no ring)

@: fainting, not resistant to hostile enchantments, very unstealthy
A: breathe sticky flame splash, unfitting armour, cold-blooded, AC +6
a: Breathe Sticky Flame, Berserk, Trog's Hand, Burn Spellbooks, Renounce
Religion


You were on level 7 of the Dungeon.
You worshipped Trog.
Trog was most pleased with you.
You were fainting.

You visited 1 branch of the dungeon, and saw 7 of its levels.

You collected 325 gold pieces.
You spent 78 gold pieces at shops.

Inventory:

Hand Weapons
 f - a +2 antimagic falchion (weapon)
Armour
 u - a +0 pair of gloves (worn)
Jewellery
 g - a +2 ring of intelligence {unknown}
 v - an uncursed ring of protection from magic {unknown}
Wands
 w - a wand of polymorph (14)
Scrolls
 c - a scroll of teleportation
 i - 2 scrolls of blinking {unknown}
 k - a scroll of recharging
 l - a scroll of enchant armour {unknown}
 m - 2 scrolls of magic mapping {unknown}
 y - a scroll of remove curse {unknown}
 z - a scroll of enchant weapon
 A - a scroll of identify {unknown}
 B - 3 scrolls of random uselessness {unknown}
Potions
 a - 3 potions of curing {unknown}
 d - a potion of cancellation {unknown}
 e - 3 potions of agility {unknown}
 h - a potion of brilliance {unknown}
 n - a potion of mutation {unknown}
 p - a potion of degeneration {unknown}
 s - a potion of might {unknown}
 x - 2 potions of heal wounds {unknown}
Miscellaneous
 j - a plain deck of defence
Comestibles
 b - 3 bread rations
 o - 13 fruits
 q - 2 slices of pizza
 r - a royal jelly
 t - 3 meat rations
 C - 6 chunks of flesh


   Skills:
 - Level 3.2 Fighting
 + Level 9.9 Long Blades
 - Level 2.6 Dodging


You had 7 spell levels left.
You didn't know any spells.

Dungeon Overview and Level Annotations

Branches:
Dungeon (7/15)
 Temple: D:4-7

Altars:
Cheibriados
Gozag
Makhleb
Nemelex Xobeh
Okawaru
Sif Muna
Trog
Xom
Zin

Shops:
D:4 *   D:5 :

Annotations:
D:3 Chilling's ghost, amateur OpAs
D:5 Grim's ghost, novice HEBe


Innate Abilities, Weirdness & Mutations

You can spit globs of burning liquid.
You can ignite nearby creatures when you spit burning liquid.
Your weird mottled scales are hard (AC +6).
Your body does not fit into most forms of armour.
You are cold-blooded and may be slowed by cold attacks.


Message History

You hit the hungry ghost.
Your tail-slap misses the hungry ghost.
The hungry ghost is almost destroyed.
You lose consciousness!
The hungry ghost hits you.
You feel slightly more hungry. The hungry ghost hits you.
You feel slightly more hungry. The hungry ghost hits you.
You feel slightly more hungry. The hungry ghost hits you.
You feel slightly more hungry. The hungry ghost hits you.
You feel slightly more hungry. The hungry ghost hits you.
You feel slightly more hungry. The hungry ghost hits you.
You feel slightly more hungry. The hungry ghost hits you.
You feel slightly more hungry. The hungry ghost hits you.
You feel slightly more hungry. The hungry ghost hits you.
You feel slightly more hungry.
Some of the chunks of flesh in your inventory have rotted away.
The hungry ghost hits you.
You feel slightly more hungry.
You can move again.
You barely miss the hungry ghost.
Your tail-slap misses the hungry ghost.
The hungry ghost is almost destroyed.
You have starved to death.
You die...

#..# ##.>#.#######
#..# ...... ....#
###..# #..#.#
#...###..... # #..#.#
#.... .....# #. #....#
#.#.# #.#..# #..##...#
#.#.# #.#..#
#...(...###.#.###..[..
#...W@..........#.#...
##............#.#.##.#
#.###.#####...)......
.. ..........###.##.#
##
.....!.............#
###############.....
######


You could see a hungry ghost.

Vanquished Creatures
  2 ice beasts (D:6)
  2 phantoms
  An ogre (D:5)
  A scorpion (D:4)
  A crimson imp (D:6)
  4 orc wizards
  A hound (D:4)
  2 worker ants (D:7)
  Terence (D:3)
  Natasha (thrice) (D:4)
  2 iguanas
  8 adders
  4 gnolls (D:4)
  3 worms
  2 giant geckos (D:1)
  8 orcs
  6 bats
  7 giant cockroaches
  15 goblins
  7 hobgoblins
  15 jackals
  9 kobolds
  2 quokkas
  A giant gecko skeleton (D:4)
  3 giant newts
  A quokka skeleton (D:4)
  4 rats
115 creatures vanquished.

Vanquished Creatures (others)
  2 bushes (D:6)
2 creatures vanquished.

Grand Total: 117 creatures vanquished

Notes
Turn   | Place    | Note
--------------------------------------------------------------
     0 | D:1      | MenacingMecha the Draconian Berserker began the quest for the Orb.
     0 | D:1      | Reached XP level 1. HP: 19/19 MP: 1/1
   161 | D:1      | HP: 1/28 [jackal (2)]
   166 | D:1      | Reached XP level 2. HP: 2/26 MP: 2/2
   519 | D:1      | Reached skill level 4 in Long Blades
   762 | D:1      | Reached XP level 3. HP: 23/31 MP: 3/3
  1025 | D:2      | Reached ** piety under Trog
  1906 | D:3      | Found a sparkling altar of Nemelex Xobeh.
  1931 | D:3      | Reached XP level 4. HP: 20/38 MP: 4/4
  2195 | D:3      | Noticed Terence
  2206 | D:3      | Killed Terence
  2206 | D:3      | Reached skill level 5 in Long Blades
  2308 | D:3      | Noticed Chilling's ghost (amateur OpAs)
  2664 | D:3      | Reached *** piety under Trog
  2671 | D:3      | Reached XP level 5. HP: 39/45 MP: 5/5
  2951 | D:4      | Found Plog's Assorted Antiques.
  2959 | D:4      | Bought a runed falchion for 78 gold pieces
  2996 | D:4      | Noticed a phantom
  3227 | D:4      | Reached skill level 6 in Long Blades
  3388 | D:5      | Entered Level 5 of the Dungeon
  3395 | D:5      | Noticed Grim's ghost (novice HEBe)
  3582 | D:4      | Noticed Natasha
  3587 | D:4      | Killed Natasha
  3587 | D:4      | Reached XP level 6. HP: 41/51 MP: 2/6
  3647 | D:4      | Found an opulent altar of Gozag.
  4083 | D:4      | Reached skill level 7 in Long Blades
  4308 | D:5      | Noticed an ogre
  4319 | D:5      | Killed an ogre
  4616 | D:4      | Killed a phantom
  4616 | D:4      | Reached skill level 8 in Long Blades
  4616 | D:4      | Your scales start taking on a weird mottled colour.
  4616 | D:4      | Reached XP level 7. HP: 38/57 MP: 2/7
  4672 | D:4      | Noticed Natasha
  4678 | D:4      | Killed Natasha
  4868 | D:4      | Noticed Natasha
  4879 | D:4      | Killed Natasha
  4924 | D:5      | Found Moruyz's Book Shoppe.
  5016 | D:6      | Found an iron altar of Okawaru.
  5154 | D:6      | Found a shimmering altar of Xom.
  5161 | D:6      | Reached skill level 9 in Long Blades
  5353 | D:6      | Found a deep blue altar of Sif Muna.
  5355 | D:6      | Found an iron altar of Okawaru.
  5360 | D:6      | Found a glowing silver altar of Zin.
  5360 | D:6      | Found a snail-covered altar of Cheibriados.
  5363 | D:6      | Found a burning altar of Makhleb.
  5364 | D:6      | Found a bloodstained altar of Trog.
  5545 | D:7      | Reached XP level 8. HP: 33/63 MP: 2/8
  5774 | D:7      | Starved to death

Action                   |  1- 3 |  4- 6 |  7- 9 || total
-------------------------+-------+-------+-------++-------
Melee: Falchion          |   169 |   202 |   138 ||   509
Invok: Berserk           |     1 |     2 |       ||     3
       Trog's Hand       |       |     1 |     1 ||     2
 Abil: Breathe Sticky Fl |       |       |     5 ||     5
  Use: Scroll            |       |     4 |       ||     4
 Stab: Sleeping          |       |     1 |       ||     1
  Eat: Chunk             |     4 |     8 |     5 ||    17
       Beef jerky        |       |     2 |       ||     2
